AoeStats
← BigOleChunguss

Baltic

510403641Analyzed
2v2 RM · 1d ago on Sep 30, 2026· 39m 22s· 4 players
Game mode
Random Map
Map size
Medium (4 player)
Population
200
Speed
Normal
Resources
Standard
Victory
Conquest
Starting age
Dark Age
Ending age
Imperial Age
RankedLock teamsTeams togetherTeam positionsShared explorationLock speedFull tech treeHidden civsTurbo modeCheats
Victory
Defeat
🇲🇽 Varangians · Mexico
1159
+9
🇺🇸 Byzantines · United States
1048
+13
🇧🇷 Varangians · Brazil
1038
-22
🇧🇷 Wei · Brazil
952
-10
BigOleChunguss
4:46 Loom
11:33 Feudal Age
18:53 Castle Age
17:19 Fishing Lines
18:00 Double-Bit Axe
20:57 Medium Warships
21:02 Gold Mining
23:12 Wheelbarrow
24:54 Stone Mining
26:57 Bow Saw
29:43 Imperial Age
28:38 Siphons
29:24 Hand Cart
29:54 Careening
29:55 Clinker Construction
30:55 Heavy Warships
31:00 Dry Dock
30:32 Treadmill Crane
31:53 Chemistry
30:46 Fletching
32:00 Bodkin Arrow
32:29 Ballistics
32:06 Murder Holes
33:00 Bracer
36:26 Elite Cataphract
37:45 Scale Barding Armor
37:51 Forging
38:48 Two-Man Saw
38:22 Gillnets
39:00 Conscription
39:24 Chain Barding Armor
King Dario II
2:37 Loom
12:23 Feudal Age
21:54 Double-Bit Axe
23:24 Gold Mining
24:22 Horse Collar
24:37 Stone Mining
27:14 Castle Age
26:21 Fishing Lines
28:32 Bow Saw
28:24 Gillnets
28:46 Medium Warships
30:20 Ballistics
30:36 Fletching
30:47 Padded Archer Armor
31:02 Masonry
31:03 Fortified Wall
32:13 Bodkin Arrow
32:33 Leather Archer Armor
33:34 Fervor
35:46 Stone Shaft Mining
36:26 Wheelbarrow
38:03 Caravan
brunovorpagelk
12:19 Feudal Age
13:48 Fishing Lines
14:05 Double-Bit Axe
19:33 Horse Collar
22:10 Castle Age
21:57 Gold Mining
29:05 Bow Saw
31:04 Heavy Plow
35:11 Imperial Age
34:45 Gillnets
36:37 Wheelbarrow
38:22 Tuntian
38:44 Hand Cart
Gioo
12:34 Feudal Age
11:04 Loom
13:47 Double-Bit Axe
16:19 Fishing Lines
17:19 Wheelbarrow
18:45 Horse Collar
24:05 Castle Age
23:22 Fletching
24:34 Stone Mining
25:09 Bow Saw
26:11 Gillnets
28:30 Bloodlines
29:01 Gillnets
29:48 Husbandry
34:00 Vendel Legacy
35:23 Scale Barding Armor
Connection lost

Rejoining the realm…

Still unreachable

The connection could not be restored.

Session expired

The server has moved on; the page needs a fresh start.